 Dungeon Crawl Stone Soup version 0.19-a0-1019-g9c6a58d (webtiles) character file.

7483 Implojin the Fighter (level 11, -9/74 HPs)
             Began as a Gargoyle Skald on July 26, 2016.
             Was an Initiate of Gozag.
             Mangled by a large abomination (11 damage)
             ... on level 9 of the Dungeon.
             The game lasted 00:27:46 (8973 turns).

Implojin the Fighter (Gargoyle Skald)               Turns: 8973, Time: 00:27:47

Health: -9/74      AC: 23    Str: 15    XL:     11   Next: 15%
Magic:  14/14      EV:  7    Int: 14    God:    Gozag
Gold:   600        SH:  0    Dex: 12    Spells: 1 memorised, 13 levels left

rFire  . . .     SeeInvis +       - Unarmed
rCold  . . .     Gourm    .     M - +0 chain mail {MR+}
rNeg   + . .     Faith    .     (no shield)
rPois  ∞         Spirit   .     T - +0 helmet
rElec  +         Dismiss  .     (no cloak)
rCorr  .         Reflect  .     (no gloves)
SustAt .         Harm     .     D - +2 pair of boots
MR     +....                    B - amulet of rage
Stlth  ..........               (no ring)
                                a - ring of see invisible

@: very slightly contaminated, somewhat resistant to hostile enchantments,
extremely unstealthy
A: negative energy resistance 1, electricity resistance, unbreathing,
petrification resistance, rot immunity, AC +7
a: Potion Petition, Call Merchant, Bribe Branch, Renounce Religion, Evoke
Berserk Rage


You were on level 9 of the Dungeon.
You worshipped Gozag.
Gozag was pleased with you.
You were hungry.

You visited 1 branch of the dungeon, and saw 9 of its levels.

You collected 1890 gold pieces.
You paid 1290 gold pieces to Gozag.

Inventory:

Hand Weapons
 t - a +3 hand axe of venom
 y - a +2 dagger of venom
 z - a +0 hunting sling
 C - a +0 whip
 H - a +0 hand axe of distortion
 L - a +1 war axe of flaming
 P - a +0 shortbow of flaming
 Q - a +1 whip of freezing
 R - a +0 arbalest
 S - a +0 blowgun
 W - the +7 Singing Sword
   (You found it on level 7 of the Dungeon)
Missiles
 k - 204 stones
 E - 71 poisoned needles
 F - 7 tomahawks (quivered)
 I - 5 tomahawks of returning
 Y - 59 arrows
Armour
 o - a +0 ring mail
 r - a +0 scale mail
 D - a +2 pair of boots (worn)
 M - a +0 chain mail of magic resistance (worn)
 T - a +0 helmet (worn)
 Z - a +0 pair of boots
Jewellery
 a - a ring of see invisible (left hand)
 m - an uncursed ring of fire
 B - an amulet of rage (around neck)
Scrolls
 d - 2 scrolls of remove curse
 e - a scroll of blinking
 i - 2 scrolls of immolation {unknown}
 l - 3 scrolls of recharging
 q - a scroll of enchant armour
 s - a scroll of noise
 x - a scroll of fog {unknown}
 A - a scroll of acquirement {unknown}
 G - a scroll of fear
 K - 4 scrolls of amnesia
 N - 2 scrolls of random uselessness
 U - a scroll of enchant weapon {unknown}
Potions
 h - a potion of agility
 j - a potion of brilliance
 n - 3 potions of curing
 u - a potion of beneficial mutation {unknown}
 v - 3 potions of lignification
 J - 3 potions of haste
 V - a potion of might {unknown}
 X - 2 potions of heal wounds {unknown}
Books
 b - a book of Battle

   Spells                             Type                      Level
   a - Infusion                       Charms                       1
   b - Shroud of Golubria             Charms/Translocation         2
   c - Song of Slaying                Charms                       2
   d - Spectral Weapon                Hexes/Charms                 3
   e - Regeneration                   Charms/Necromancy            3
 w - a book of Fire

   Spells                             Type                      Level
   a - Ignite Poison                  Fire/Transmutation/Poison    3
   b - Fireball                       Conjuration/Fire             5
   c - Bolt of Fire                   Conjuration/Fire             6
   d - Delayed Fireball               Conjuration/Fire             7
   e - Ring of Flames                 Charms/Fire                  7
Comestibles
 c - 8 bread rations
 f - 5 slices of pizza
 g - a beef jerky
 p - 6 meat rations


   Skills:
 - Level 11.2 Fighting
 * Level 8.7 Armour
 - Level 0.7 Dodging
 - Level 11.0 Unarmed Combat
 - Level 2.0 Spellcasting
 - Level 2.6 Charms


You had 13 spell levels left.
You knew the following spells:

 Your Spells              Type           Power        Failure   Level  Hunger
a - Infusion              Chrm           #...         92%         1    ##.....


Dungeon Overview and Level Annotations

Branches:
Dungeon (9/15)             Temple (0/1) D:4            Lair (0/6) D:9
    Orc: D:9-12

Altars:
Cheibriados
Dithmenos
Gozag
Kikubaaqudgha
Nemelex Xobeh
Okawaru
Qazlal
Ru
Yredelemnul
Zin
The Shining One


Innate Abilities, Weirdness & Mutations

You are resistant to torment.
Your stone body is resilient. (AC +7)
You are immune to poison.
You resist negative energy. (rN+)
You are resistant to electric shocks. (rElec)
You can survive without breathing.
You are immune to petrification.
You are immune to rotting.


Message History

The tomahawk of dispersal barely misses you.
The orc warrior hits you but does no damage.
An orc priest comes into view. It is wielding a rapier.
The orc is no longer distracted by gold.
The orc priest looks braver for a moment.
The orc hits you but does no damage.
The orc priest calls down the wrath of Beogh upon you.
Beogh smites you!
* * * LOW HITPOINT WARNING * * *
There is an open door here.
A giant frog comes into view.
The giant frog gives a loud, deep croak!
You are feeling hungry.
The orc warrior throws a stone.
The stone hits you but does no damage.
You see here a stone.
The orc warrior throws a stone.
The stone hits you but does no damage.
You see here a stone.
The giant frog closely misses you.
A wizard comes into view. It is wielding a war axe.
The wizard shouts!
The orc warrior throws a stone.
The stone hits you but does no damage.
Blink to where?
Press: ? - help, Dir - move target cursor
As you read the scroll of blinking, it crumbles to dust.
A large abomination comes into view.
The wizard points at you and mumbles some strange words.
The orb of energy hits you!
* * * LOW HITPOINT WARNING * * *
As you read the scroll labeled DIMEIC UHEIVVI, it crumbles to dust.
The dust glows mottled charcoal!
It was a scroll of random uselessness.
The large abomination hits you!!
* * * LOW HITPOINT WARNING * * *
Okay, then.
Blink to where?
Press: ? - help, Dir - move target cursor
As you read the scroll of blinking, it crumbles to dust. 2 large abominations come into view.
The large abomination hits you!
You die...
Your body crumbles into a pile of gold.

#####..##### ##..# #.
............. ...# #
.................#####$
##..####..#####.X....
#..# ..# #.... #..# ..#
#..## #..# .# #..# #>.#
#..# #..# #.@# #..#
#..X..# #..# #..##.X...
#### #... ..


You could see 3 large abominations.

Vanquished Creatures
  An ugly thing (D:9)
  The ghost of ProzacElf the Gusty, a novice OpAE of Dithmenos (D:6)
  Prince Ribbit (D:7)
  A two-headed ogre (D:9)
  2 wyverns
  A yak (D:9)
  A human (D:7)
  A hog (D:7)
  A hungry ghost (D:7)
  2 orc warriors
  2 phantoms
  A black bear (D:9)
  4 sky beasts
  The ghost of Wuag the Chopper, an amateur MiBe of Trog (D:3)
  A necrophage (D:7)
  2 ogres
  A crocodile (D:8)
  3 centaurs
  2 giant frogs
  A gnoll sergeant (D:9)
  2 scorpions
  A wyvern skeleton (D:7)
  46 killer bees (D:8)
  5 howler monkeys
  3 crimson imps
  A quasit (D:9)
  3 hounds
  3 jellies
  3 giant frog skeletons
  4 orc priests
  A centaur skeleton (D:5)
  2 iguanas (D:8)
  9 orc wizards
  8 worker ants
  3 sheep (D:7)
  9 gnolls
  13 adders
  3 shadow imps
  2 oozes
  2 adder zombies
  A dart slug (D:1)
  3 worms
  5 giant geckos
  25 orcs
  9 ball pythons
  11 bats
  6 giant cockroaches
  5 goblins
  5 hobgoblins
  20 jackals
  4 quokkas
  A giant gecko skeleton (D:5)
  4 giant newts
  7 kobolds
  9 rats
  A fungus (D:9)
269 creatures vanquished.

Notes
Turn   | Place    | Note
-------+----------+-------------------------------------------
     0 | D:1      | Implojin the Gargoyle Skald began the quest for the Orb.
     0 | D:1      | Reached XP level 1. HP: 12/12 MP: 3/3
     0 | D:1      | :random combo of firstgod
    83 | D:1      | Reached XP level 2. HP: 14/17 MP: 0/5
   142 | D:1      | Reached skill level 3 in Unarmed Combat
   967 | D:1      | Reached XP level 3. HP: 19/21 MP: 6/6
  1187 | D:2      | Found a faded altar of an unknown god.
  1215 | D:2      | Became a worshipper of Gozag Ym Sagoz the Greedy
  1371 | D:2      | Reached skill level 4 in Unarmed Combat
  1378 | D:2      | Reached XP level 4. HP: 25/26 MP: 7/7
  2124 | D:3      | Found a sacrificial altar of Ru.
  2129 | D:3      | Reached skill level 5 in Unarmed Combat
  2146 | D:3      | Reached XP level 5. HP: 30/30 MP: 8/8
  2361 | D:3      | Noticed Wuag's ghost (amateur MiBe)
  2397 | D:3      | Killed Wuag's ghost
  2397 | D:3      | Reached skill level 6 in Unarmed Combat
  2397 | D:3      | Reached XP level 6. HP: 27/35 MP: 9/9
  2626 | D:3      | Found a shadowy altar of Dithmenos.
  3013 | D:4      | Found a staircase to the Ecumenical Temple.
  3490 | D:4      | Reached skill level 7 in Unarmed Combat
  3697 | D:4      | Found a glowing golden altar of the Shining One.
  3698 | D:4      | Found a glowing silver altar of Zin.
  3700 | D:4      | Found an ancient bone altar of Kikubaaqudgha.
  3701 | D:4      | Found a stormy altar of Qazlal.
  3702 | D:4      | Found a snail-covered altar of Cheibriados.
  3740 | D:4      | Reached XP level 7. HP: 39/40 MP: 10/10
  4288 | D:5      | Entered Level 5 of the Dungeon
  4346 | D:5      | Reached skill level 8 in Unarmed Combat
  4537 | D:5      | Reached skill level 3 in Fighting
  4627 | D:5      | Reached skill level 4 in Fighting
  4714 | D:5      | Reached skill level 5 in Fighting
  4714 | D:5      | Reached XP level 8. HP: 43/49 MP: 11/11
  5209 | D:6      | Reached skill level 6 in Fighting
  5229 | D:6      | Noticed ProzacElf's ghost (novice OpAE)
  5270 | D:6      | Killed ProzacElf's ghost
  5270 | D:6      | Reached skill level 8 in Fighting
  5549 | D:6      | Found a sparkling altar of Nemelex Xobeh.
  5701 | D:6      | Reached skill level 9 in Fighting
  5701 | D:6      | Reached XP level 9. HP: 57/60 MP: 12/12
  6183 | D:7      | Reached skill level 10 in Fighting
  6258 | D:7      | Reached skill level 2 in Armour
  6353 | D:7      | Reached skill level 3 in Armour
  6368 | D:7      | Reached skill level 4 in Armour
  6405 | D:7      | Reached skill level 5 in Armour
  6706 | D:7      | Reached skill level 6 in Armour
  6722 | D:7      | Found an iron altar of Okawaru.
  6722 | D:7      | Found a basalt altar of Yredelemnul.
  6842 | D:7      | Noticed Prince Ribbit
  6875 | D:7      | Killed Prince Ribbit
  7131 | D:7      | Reached XP level 10. HP: 53/68 MP: 13/13
  7233 | D:7      | Reached skill level 9 in Unarmed Combat
  7544 | D:8      | Reached skill level 10 in Unarmed Combat
  7720 | D:8      | Reached skill level 11 in Unarmed Combat
  8537 | D:9      | Reached skill level 11 in Fighting
  8634 | D:9      | Found a staircase to the Lair.
  8771 | D:9      | Noticed a purple ugly thing
  8814 | D:9      | Killed a purple ugly thing
  8814 | D:9      | Reached skill level 7 in Armour
  8814 | D:9      | Reached XP level 11. HP: 62/74 MP: 14/14
  8874 | D:9      | Reached skill level 8 in Armour
  8966 | D:9      | Noticed a wizard
  8970 | D:9      | HP: 1/74 [large abomination (20)]
  8973 | D:9      | Noticed a large abomination
  8973 | D:9      | Mangled by a large abomination

Vault maps used:
D:1:      erik_arrival_cave_to_civilisation
D:2:      lemuel_upstairs_altar, ecumenical_altar_2
D:3:      old_standard_altar, nicolae_ru_great_annihilating_truth
D:4:      minitemple, grunt_ministairs_14, minmay_snake_closets
D:5:      first_bread
D:6:      marbit_many_paths, kennysheep_generic_room_12
D:7:      gammafunk_temple_overflow_wave, grunt_livestock, uniq_prince_ribbit1
D:8:      wad_woods_minihive, hangedman_abyss_or_decor_passed, minivault_22
D:9:      kennysheep_blocky_hall, dpeg_oklobed_lair, laboratory

Skill      XL: |  1  2  3  4  5  6  7  8  9 10 11 |
---------------+----------------------------------+-----
Unarmed Combat | 3 4 5 6 7 8 11 | 11.0
Fighting       | 5 9 10 11 | 11.2
Armour         | 6 7 8 |  8.7
Dodging        | |  0.7
Spellcasting   | |  2.0
Charms         | |  2.6

Action                   |  1- 3 |  4- 6 |  7- 9 | 10-12 || total
-------------------------+-------+-------+-------+-------++-------
Melee: Unarmed           |   185 |   270 |   521 |   484 ||  1460
       Punch             |       |     1 |    12 |    12 ||    25
 Fire: Blowgun           |       |       |    17 |       ||    17
Throw: Tomahawk          |       |     5 |     2 |     8 ||    15
 Cast: Infusion          |     3 |       |       |       ||     3
Invok: Potion Petition   |       |       |       |     3 ||     3
  Use: Scroll            |     2 |     9 |     3 |     4 ||    18
       Potion            |       |     1 |       |     1 ||     2
 Stab: Paralysed         |       |     1 |       |       ||     1
       Distracted        |       |     2 |       |    10 ||    12
  Eat: Chunk             |     2 |       |       |       ||     2
       Beef jerky        |       |     2 |     2 |     1 ||     5
       Meat ration       |       |     1 |     3 |       ||     4
       Pizza             |       |       |       |     2 ||     2
Armor: Leather armour    |    85 |       |       |       ||    85
       Ring mail         |    10 |     6 |       |       ||    16
       Chain mail        |       |   136 |   320 |   290 ||   746
       Scale mail        |       |     6 |       |       ||     6
       Skin              |       |       |       |    35 ||    35
Dodge: Dodged            |   136 |    76 |   127 |   178 ||   517

Table legend:
 A = Turns spent in this place as a percentage of turns spent in the entire game.
 B = Non-inter-level travel turns spent in this place as a percentage of non-inter-level travel turns spent in the entire game.
 C = Inter-level travel turns spent in this place as a percentage of turns spent in this place.
 D = Turns resting spent in this place as a percentage of non-inter-level travel turns spent in this place.
 E = Turns spent auto-exploring this place as a percentage of non-inter-level travel turns spent in this place.
 F = Non-inter-level travel turns spent in this place divided by the number of levels of this place that you've seen.
                   A       B       C       D       E      F
               +-------+-------+-------+-------+-------+----------------------
         Total | 100.0 | 100.0 |   0.4 |   2.5 |   4.1 | 435.0
       Dungeon | 100.0 | 100.0 |   0.4 |   2.5 |   4.1 | 435.0
               +-------+-------+-------+-------+-------+----------------------

Table legend:
 A = Kills in this place as a percentage of kills in entire the game.
 B = Kills by you in this place as a percentage of kills by you in the entire game.
 C = Kills by friends in this place as a percentage of kills by friends in the entire game.
 D = Other kills in this place as a percentage of other kills in the entire game.
 E = Experience gained in this place as a percentage of experience gained in the entire game.
 F = Experience gained in this place divided by the number of levels of this place that you have seen.
                   A       B       C       D       E      F
               +-------+-------+-------+-------+-------+----------------------
         Total | 100.0 | 100.0 |  -nan |  -nan | 100.0 | 1187.8
       Dungeon | 100.0 | 100.0 |  -nan |  -nan | 100.0 | 1187.8
               +-------+-------+-------+-------+-------+----------------------
